 Dungeon Crawl Stone Soup version 0.30.1-9-gdf580d7c3d (webtiles) character file.

Game seed: 4642862943798162043

138077 Peloso the Peltast (level 16, -10/155 HPs)
             Began as a Minotaur Fighter on Sept 28, 2023.
             Was the Champion of Okawaru.
             Mangled by a culicivora (12 damage)
             ... on level 2 of the Spider Nest.
             The game lasted 01:19:51 (30497 turns).

Peloso the Peltast (Minotaur Fighter)              Turns: 30497, Time: 01:19:52

Health: -10/155    AC: 33    Str: 26    XL:     16   Next: 70%
Magic:  15/16      EV: 17    Int:  5    God:    Okawaru [******]
Gold:   2751       SH: 27    Dex: 19    Spells: 15/15 levels left

rFire   + . .        b - +4 scimitar (flame)
rCold   + . .        d - +2 tower shield {rC+}
rNeg    + . .        S - +4 shadow dragon scales "Ozeecsos" {Dex+3 Stlth++++}
rPois   +            A - +1 hat
rElec   +            Y - +2 cloak
rCorr   .            t - +0 pair of gloves "Capuypt" {rElec}
SInv    .            (no boots)
Will    +....        j - amulet of regeneration
Stlth   ++++++       e - ring of Jebu Nim {rElec rPois rF+ rN+ Str+3}
HPRegen 1.25/turn    y - +4 ring of slaying
MPRegen 0.15/turn

%: no passive effects
@: heroic, spiked, hasted, very quick
A: horns 2, retaliatory headbutt
a: Renounce Religion, Heroism, Finesse, Duel


You were on level 2 of the Spider Nest.
You worshipped Okawaru.
Okawaru was exalted by your worship.
You visited 5 branches of the dungeon, and saw 25 of its levels.
You also visited: Bailey and Ice Cave.

You collected 2751 gold pieces.

Inventory:

Hand Weapons
 a - a +1 demon blade of venom
 b - a +4 scimitar of flaming (weapon)
 c - a +2 scimitar of flaming
 u - a +4 long sword of electrocution
Armour
 d - a +2 tower shield of cold resistance (worn)
 i - the +0 hat "Trusted Companion" {*Corrode Regen+ Int+2}
   (You found it in an ice cave)

   Int:       It affects your intelligence (+2).
   Regen:     It increases your rate of health regeneration.
   *Corrode:  It may corrode you when you take damage.
 t - the +0 pair of gloves "Capuypt" (worn) {rElec}
   (Okawaru gifted it to you on level 15 of the Dungeon)

   rElec:     It insulates you from electricity.
 A - a +1 hat (worn)
 C - the +8 plate armour "Zonaafom" {+Inv rC+ Str+4}
   (You found it on level 1 of the Spider Nest)

   Str:       It affects your strength (+4).
   rC:        It protects you from cold.
   +Inv:      It lets you turn invisible.
 S - the +4 shadow dragon scales "Ozeecsos" (worn) {Dex+3 Stlth++++}
   (Okawaru gifted it to you on level 9 of the Dungeon)

   Dex:       It affects your dexterity (+3).
   Stlth:     It makes you much more stealthy.
 Y - a +2 cloak (worn)
Jewellery
 e - the ring of Jebu Nim (left hand) {rElec rPois rF+ rN+ Str+3}
   (You found it on level 8 of the Dungeon)

   [ring of positive energy]

   Str:       It affects your strength (+3).
   rF:        It protects you from fire.
   rElec:     It insulates you from electricity.
   rPois:     It protects you from poison.
   rN:        It protects you from negative energy.
 h - a ring of willpower
 j - an amulet of regeneration (around neck)
 k - a ring of poison resistance
 r - the ring of the Mage {Wiz Archmagi}
   (You found it in an ice cave)

   [ring of wizardry]

   It improves your spell success rate.
   Archmagi:  It increases the power of your magical spells.
 x - the ring "Fitsexip" {Ice *Corrode MP+9 Str+4 SInv}
   (You found it in an ice cave)

   [ring of ice]

   It enhances your ice magic.
   Str:       It affects your strength (+4).
   rF:        It makes you vulnerable to fire.
   rC:        It protects you from cold.
   MP:        It affects your magic capacity (+9).
   SInv:      It lets you see invisible.
   *Corrode:  It may corrode you when you take damage.
 y - a +4 ring of slaying (right hand)
 D - a ring of resist corrosion
 F - a ring of flight
 H - an amulet of reflection
Wands
 g - a wand of acid (27)
 Q - a wand of mindburst (2)
 T - a wand of iceblast (11)
 W - a wand of flame (24)
Scrolls
 f - a scroll of acquirement
 l - a scroll of brand weapon
 m - 2 scrolls of summoning
 o - 6 scrolls of teleportation
 p - 4 scrolls of magic mapping
 v - 2 scrolls of fog
 B - 4 scrolls of poison
 E - 2 scrolls of identify
 J - 3 scrolls of fear
 L - 3 scrolls of amnesia
 N - a scroll of immolation
Potions
 n - 4 potions of cancellation
 q - 7 potions of curing
 s - a potion of heal wounds
 w - 3 potions of lignification
 z - 3 potions of might
 G - 5 potions of haste
 I - a potion of mutation
 R - a potion of resistance
 V - a potion of flight
 X - 3 potions of invisibility


   Skills:
 + Level 17.4(22.4) Fighting
 + Level 18.4(23.4) Long Blades
 + Level 17.1(22.1) Armour
 + Level 8.1(13.1) Dodging
 + Level 6.9(11.9) Stealth
 + Level 19.2(24.2) Shields
 + Level 2.6 Invocations
 + Level 2.0 Evocations


You had 15 spell levels left.
You didn't know any spells.
Your spell library contained the following spells:

 Spells                   Type           Power      Damage    Failure   Level
 Apportation              Tloc           0%         N/A       87%         1
 Necrotise                Necr           0%         1d4       87%         1
 Shock                    Conj/Air       0%         1d3       87%         1
 Blink                    Tloc           0%         N/A       95%         2
 Cigotuvi's Dreadful Rot  Necr/Pois/Air  0%         N/A       95%         2
 Ensorcelled Hibernation  Hex/Ice        0%         N/A       95%         2
 Lesser Beckoning         Tloc           0%         N/A       95%         2
 Momentum Strike          Conj/Tloc      0%         3d8       95%         2
 Poisonous Vapours        Pois/Air       0%         N/A       95%         2
 Scorch                   Fire           0%         2d5       95%         2
 Gell's Gravitas          Tloc           0%         N/A       99%         3
 Ignite Poison            Fire/Tmut/Pois 0%         N/A       99%         3
 Inner Flame              Hex/Fire       0%         N/A       99%         3
 Mephitic Cloud           Conj/Pois/Air  0%         N/A       99%         3
 Ozocubu's Armour         Ice            0%         N/A       99%         3
 Portal Projectile        Hex/Tloc       0%         N/A       99%         3
 Swiftness                Air            0%         N/A       99%         3
 Teleport Other           Tloc           0%         N/A       99%         3
 Volatile Blastmotes      Fire/Tloc      0%         2d10      99%         3
 Airstrike                Air            0%         2d(0-16)  100%        4
 Anguish                  Hex/Necr       0%         N/A       100%        4
 Cause Fear               Hex            0%         N/A       100%        4
 Dispel Undead            Necr           0%         3d6       100%        4
 Flame Wave               Conj/Fire      0%         2d4       100%        4
 Fulminant Prism          Conj/Hex       0%         3d5       100%        4
 Iskenderun's Mystic Bla  Conj/Tloc      0%         2d3       100%        4
 Sticky Flame             Conj/Fire      0%         2d3       100%        4
 Freezing Cloud           Conj/Ice/Air   0%         6-21      100%        5
 Lee's Rapid Deconstruct  Erth           0%         3d4*      100%        5
 Yara's Violent Unravell  Hex/Tmut       0%         3d3       100%        5
 Enfeeble                 Hex            0%         N/A       100%        7
 Ozocubu's Refrigeration  Ice            0%         4d7       100%        7
 Storm Form               Tmut/Air       0%         N/A       100%        7
 Ignition                 Fire           0%         3d3       100%        8
 Maxwell's Capacitive Co  Air            0%         ∞         100%        8
 Summon Small Mammal      Summ           Unusable   N/A       N/A         1
 Tukima's Dance           Hex            Unusable   N/A       N/A         3
 Summon Lightning Spire   Summ/Air       Unusable   N/A       N/A         4
 Death Channel            Necr           Unusable   N/A       N/A         6
 Summon Cactus Giant      Summ           Unusable   N/A       N/A         6

Dungeon Overview and Level Annotations

Branches:
Dungeon (15/15)            Temple (1/1) D:6            Lair (5/5) D:11
  Swamp (0/4) Lair:2       Spider (2/4) Lair:3        Slime (0/5) Lair:5
    Orc (2/2) D:11            Elf (0/3) Orc:2        Vaults (0/5) D:13
 Depths (0/4) D:15         Bailey (visited)           IceCv (visited)

Altars:
Ashenzari
Cheibriados
Dithmenos
Elyvilon
Hepliaklqana
Kikubaaqudgha
Nemelex Xobeh
Okawaru
Sif Muna
Uskayaw
Vehumet
Wu Jian
Xom
Yredelemnul
Zin
Jiyva

Shops:
D:5 [   D:10 [   D:13 !   Orc:2 [*?[

Annotations:
D:13 Dig
Lair:1 Casa -
Spider:2 Flure's ghost, adept MeTm


Innate Abilities, Weirdness & Mutations

You have a pair of horns on your head.
You reflexively headbutt those who attack you in melee.


Message History

You headbutt Flure's ghost, but do no damage.
Flure's ghost is almost destroyed.
You block the tarantella's attack. The Ice Fiend claws you.
The Ice Fiend freezes you! You resist.
* * * LOW HITPOINT WARNING * * *
You block the Ice Fiend's attack. The tarantella closely misses you.
The jumping spider leaps!
Unknown command.
You hit Flure's ghost but do no damage.
You headbutt Flure's ghost, but do no damage.
Flure's ghost is almost destroyed.
The culicivora bites you!
* * * LOW HITPOINT WARNING * * *
The culicivora draws strength from your injuries!
You block the culicivora's attack. The steelbarb worm hits you.
* * * LOW HITPOINT WARNING * * *
Barbed spikes become lodged in your body.
The tarantella touches you.
* * * LOW HITPOINT WARNING * * *
Flure's ghost hits you.
* * * LOW HITPOINT WARNING * * *
You writhe in agony.
* * * LOW HITPOINT WARNING * * *
You block the tarantella's attack. You block the Ice Fiend's attack.
The Ice Fiend misses you.
Unknown command.
You hit Flure's ghost but do no damage. You headbutt Flure's ghost.
Flure's ghost is almost destroyed.
You block the culicivora's attack.
The tarantella is healed somewhat.
You block the tarantella's attack. You block the steelbarb worm's attack.
Unknown command.
You barely miss Flure's ghost.
You headbutt Flure's ghost, but do no damage.
Flure's ghost is almost destroyed.
You block the tarantella's attack.
Flure's ghost hits you but does no damage.
You writhe in agony.
* * * LOW HITPOINT WARNING * * *
You block the culicivora's attack. The culicivora bites you!
You die...

.#..........^...........#
####.............#.....##
##.......>...#......##
##^...####....###.....##
##.............^##^.....#
#............^.....^...^#
..............(.^.....^.#
..........#..^.1sw......#
.....#....#.^.^s@ss.....#
......^.########sW'######
......####.#♣.^.B...^.♣ ###
......# #.#...#.#.#.^.##.#
......####.#^°^.^.^...^#..#####
.......#^#.#.#.#.#.#.#.#..^#..#
.####......#♣..)?[:)..♣#......##
## #......#############.......#
# ##^..##.###....#..........##


You could see an Ice Fiend, a radroach, a steelbarb worm, 2 culicivoras, a
jumping spider, 2 tarantellas and Flure's ghost.

Vanquished Creatures
  Rupert (Lair:4)
  An Ice Fiend (IceCv)
  Agnes (D:15)
  An emperor scorpion (Spider:1)
  A ghost moth (Spider:1)
  A very ugly thing (D:15)
  2 dire elephants (Lair:1)
  2 fire dragons
  A rakshasa (D:15)
  An entropy weaver (Spider:2)
  Josephine (Spider:1)
  5 vault guards (D:13)
  2 caustic shrike simulacra (IceCv)
  A hydra (shapeshifter) (D:15)
  3 radroaches (Spider:2)
  A catoblepas (Lair:1)
  4 hydras
  A merfolk avatar (Lair:5)
  2 jorogumos
  3 death knights
  5 centaur warriors
  An ogre mage (D:13)
  4 two-headed ogres
  7 boulder beetles
  An orc high priest (Orc:2)
  8 death yaks
  Urug (D:11)
  A skyshark (Lair:2)
  Amaemon (D:10)
  2 skeletal warriors
  3 orb spiders
  3 pharaoh ants
  2 glowing orange brains
  A sea snake (Lair:5)
  A harpy (Lair:5)
  3 steelbarb worms
  5 spriggan simulacra (IceCv)
  2 phantasmal warriors
  A lindwurm (Lair:4)
  An obsidian statue (IceCv)
  9 wolf spiders
  3 deep elf pyromancers
  2 orc knights
  A wizard (D:9)
  6 orc sorcerers
  A cyclops (shapeshifter) (D:14)
  17 ugly things
  A manticore (D:15)
  A moth of wrath (Spider:1)
  Maurice (D:8)
  8 elephants
  4 cyclopes
  4 black mambas
  16 slime creatures
  4 demonic crawlers
  8 cane toads
  An orange demon (D:11)
  6 torpor snails
  3 gargoyles
  3 unseen horrors
  Maggie (Lair:1)
  An anaconda simulacrum (IceCv)
  7 rime drakes
  2 efreet
  2 freezing wraiths
  2 kobold demonologists
  8 komodo dragons
  2 golden dragon simulacra (IceCv)
  8 ice devils (IceCv)
  A tengu conjurer (D:13)
  2 trolls
  6 meliai (Spider:2)
  A tyrant leech (Lair:2)
  3 hornets
  17 tarantellas
  Grinder (D:3)
  6 dream sheep
  3 snapping turtles (Lair:5)
  9 blink frogs
  17 jumping spiders
  7 wyverns
  Sigmund (D:2)
  6 culicivoras
  2 vampires
  12 wraiths
  2 shadows
  4 water elementals (D:15)
  44 yaks
  5 basilisks
  2 humans
  3 dire elephant simulacra (IceCv)
  12 vampire mosquitoes
  A steam dragon (D:8)
  A redback (shapeshifter) (D:9)
  3 harpy simulacra (IceCv)
  7 minotaur simulacra (IceCv)
  23 redbacks
  A swamp worm (Lair:2)
  5 wargs
  3 acid dragons
  15 water moccasins
  30 orc warriors
  An ice beast (D:6)
  2 sky beasts
  A black bear (Lair:4)
  An alligator simulacrum (IceCv)
  An ettin simulacrum (IceCv)
  14 ogres
  5 centaurs (D:12)
  13 wolves
  2 phantoms
  4 kobold brigands
  8 bullfrogs
  2 scorpions (D:6)
  4 gnoll sergeants
  13 deep troll simulacra (IceCv)
  13 wights
  4 killer bees (D:9)
  A lindwurm simulacrum (IceCv)
  3 electric eels
  A vampire bat (Lair:5)
  11 howler monkeys
  6 jellies
  11 hounds
  25 orc priests
  6 gnoll boudas
  2 iguanas
  A sleepcap (D:4)
  4 hell rats (Lair:4)
  35 orc wizards
  4 adders
  19 gnolls
  2 white imps (D:5)
  3 worms
  2 dart slugs
  72 orcs
  7 endoplasms
  3 giant cockroaches
  12 goblins
  7 hobgoblins
  9 jackals
  A quokka (D:5)
  4 ball pythons
  8 bats
  A goblin zombie (D:6)
  17 kobolds
  A kobold skeleton (D:6)
  5 rats
846 creatures vanquished.

Vanquished Creatures (others)
  An orb spider (Spider:2)
  A bog body (IceCv)
  A wizard (D:9)
  An ugly thing (D:12)
  2 orc wizards (Orc:2)
  A bat (D:3)
7 creatures vanquished.

Grand Total: 853 creatures vanquished

Notes
Turn   | Place    | Note
-------+----------+-------------------------------------------
     0 | D:1      | Peloso the Minotaur Fighter began the quest for the Orb.
     0 | D:1      | Reached XP level 1. HP: 19/19 MP: 0/0
   257 | D:1      | Reached XP level 2. HP: 24/27 MP: 1/1
   396 | D:1      | Got the Volume of Distant Worlds
   699 | D:2      | Reached XP level 3. HP: 31/33 MP: 2/2
   709 | D:2      | Reached skill level 4 in Shields
   709 | D:2      | Reached XP level 4. HP: 16/40 MP: 3/3
   844 | D:2      | Noticed Sigmund
   879 | D:3      | Noticed Grinder
   892 | D:3      | Paralysed by Grinder for 3 turns
   904 | D:3      | Paralysed by Grinder for 2 turns
   915 | D:3      | Paralysed by Grinder for 2 turns
   929 | D:3      | Paralysed by Grinder for 3 turns
   950 | D:3      | Paralysed by Grinder for 5 turns
  1316 | D:2      | Killed Sigmund
  1317 | D:2      | Reached skill level 5 in Long Blades
  1317 | D:2      | Reached skill level 5 in Armour
  1317 | D:2      | Reached skill level 1 in Dodging
  1317 | D:2      | Reached XP level 5. HP: 45/47 MP: 4/4
  1598 | D:3      | Killed Grinder
  1599 | D:3      | Reached XP level 6. HP: 21/53 MP: 5/5
  2246 | D:3      | Found a faded altar of an unknown god.
  2548 | D:4      | Reached XP level 7. HP: 44/60 MP: 6/6
  2659 | D:4      | Reached skill level 1 in Stealth
  3266 | D:5      | Entered Level 5 of the Dungeon
  3469 | D:5      | Found Vunong's Antique Armour Emporium.
  3655 | D:5      | Noticed a wyvern
  3675 | D:5      | Killed a wyvern
  3676 | D:5      | Reached XP level 8. HP: 8/67 MP: 7/7
  3932 | D:6      | Reached skill level 5 in Fighting
  4181 | D:6      | Found a staircase to the Ecumenical Temple.
  4188 | Temple   | Entered the Ecumenical Temple
  4197 | Temple   | Became a worshipper of Warmaster Okawaru
  4345 | D:6      | Noticed a kobold demonologist
  4458 | D:7      | Found a flagged portal.
  4467 | Bailey   | Entered a bailey
  4506 | Bailey   | Reached XP level 9. HP: 51/75 MP: 8/8
  4582 | Bailey   | Reached * piety under Okawaru
  4583 | Bailey   | Reached skill level 5 in Shields
  4793 | Bailey   | Reached skill level 10 in Long Blades
  4893 | Bailey   | Noticed an orc knight
  4929 | Bailey   | Reached skill level 1 in Evocations
  4945 | Bailey   | Killed an orc knight
  4945 | Bailey   | Reached ** piety under Okawaru
  5230 | D:7      | Found an ornate altar of the Wu Jian Council.
  5295 | D:7      | Got the Volume of Spellbinding
  5459 | D:7      | Reached skill level 6 in Shields
  5667 | D:7      | Reached XP level 10. HP: 86/88 MP: 9/9
  5928 | D:6      | Found a runed translucent door.
  5936 | D:6      | Found a basalt altar of Yredelemnul.
  6051 | D:6      | Reached *** piety under Okawaru
  6404 | D:6      | Reached skill level 7 in Shields
  6452 | D:6      | Reached **** piety under Okawaru
  6944 | D:8      | Found a viscous altar of Jiyva.
  6944 | D:8      | Noticed a glowing orange brain
  7092 | D:8      | Reached skill level 10 in Armour
  7140 | D:8      | Reached skill level 8 in Shields
  7308 | D:8      | Noticed Maurice
  7375 | D:8      | Killed Maurice
  7704 | D:8      | Found a transporter.
  7706 | D:8      | Found a transporter.
  7945 | D:9      | Reached ***** piety under Okawaru
  7979 | D:9      | Reached XP level 11. HP: 93/97 MP: 10/10
  8061 | D:9      | Reached skill level 9 in Shields
  8337 | D:9      | Noticed a two-headed ogre
  8344 | D:9      | Killed a two-headed ogre
  8351 | D:9      | Identified the +4 shadow dragon scales "Ozeecsos" {Dex+3
                  | Stlth++++} (Okawaru gifted it to you on level 9 of the
                  | Dungeon)
  8351 | D:9      | Received a gift from Okawaru
  8394 | D:9      | Noticed a death knight
  8403 | D:9      | Noticed a wizard
  8406 | D:9      | Noticed a two-headed ogre
  8409 | D:9      | Killed a wizard
  8410 | D:9      | Reached skill level 10 in Fighting
  8416 | D:9      | Killed a two-headed ogre
  8740 | D:9      | Noticed a deep elf pyromancer
  8747 | D:9      | Killed a death knight
  8759 | D:9      | Killed a deep elf pyromancer
  8760 | D:9      | Reached skill level 10 in Shields
  8821 | D:9      | Noticed a red ugly thing
  8831 | D:9      | Killed a red ugly thing
  8831 | D:9      | Noticed a wizard
  8841 | D:9      | Noticed a boulder beetle
  8841 | D:9      | Killed a wizard
  8843 | D:9      | Noticed a centaur warrior
  8844 | D:9      | Noticed a skeletal warrior
  8955 | D:9      | Paralysed by a hornet for 2 turns
  9257 | D:9      | Killed a skeletal warrior
  9258 | D:9      | Reached skill level 11 in Shields
  9306 | D:9      | Reached skill level 1 in Invocations
  9337 | D:9      | Killed a boulder beetle
  9413 | D:9      | Killed a centaur warrior
  9716 | D:10     | Entered Level 10 of the Dungeon
  9882 | D:10     | Reached XP level 12. HP: 101/108 MP: 10/12
  9930 | D:10     | Found Rigeijev's Armour Shop.
 10138 | D:10     | Reached skill level 12 in Shields
 10150 | D:10     | Identified the +3 pair of gloves "Ydabrad" {Harm rF- rCorr
                  | Str-3} (Okawaru gifted it to you on level 10 of the
                  | Dungeon)
 10150 | D:10     | Received a gift from Okawaru
 10164 | D:10     | Identified the +0 long sword "Olyugyoto" {venom, Int+3}
 10487 | D:10     | Found an ancient bone altar of Kikubaaqudgha.
 10630 | D:11     | Noticed a death knight
 10643 | D:11     | Noticed Amaemon
 10845 | D:10     | Killed Amaemon
 10919 | D:11     | Killed a death knight
 10931 | D:11     | Reached skill level 13 in Shields
 11190 | D:11     | Noticed Urug
 11202 | D:11     | Killed Urug
 11333 | D:11     | Found a staircase to the Lair.
 11420 | D:11     | Reached skill level 5 in Dodging
 11634 | D:11     | Found a staircase to the Orcish Mines.
 11706 | Lair:1   | Entered Level 1 of the Lair of Beasts
 11737 | Lair:1   | Noticed a catoblepas
 11815 | Lair:1   | Killed a catoblepas
 12112 | Lair:1   | Noticed a dire elephant
 12121 | Lair:1   | Found a runed translucent door.
 12242 | Lair:1   | Noticed Maggie
 12263 | Lair:1   | Killed Maggie
 12773 | Lair:1   | You fall into a shaft and drop 1 floor!
 12801 | Lair:2   | Reached XP level 13. HP: 119/119 MP: 13/13
 13046 | Lair:2   | Found a snail-covered altar of Cheibriados.
 13197 | Lair:2   | Received a gift from Okawaru
 13198 | Lair:2   | Reached skill level 15 in Long Blades
 13370 | Lair:2   | Reached skill level 14 in Shields
 13411 | Lair:2   | Found a staircase to the Swamp.
 14248 | Lair:3   | Found a hole to the Spider Nest.
 15345 | D:12     | Identified the +3 scimitar of Belir {flame, *Rage *Noise
                  | rC++ rN+} (Okawaru gifted it to you on level 12 of the
                  | Dungeon)
 15345 | D:12     | Received a gift from Okawaru
 15837 | D:12     | Reached skill level 15 in Shields
 16471 | Orc:1    | Entered Level 1 of the Orcish Mines
 16552 | Orc:1    | You fall into a shaft and drop 1 floor!
 16552 | Orc:2    | Entered Level 2 of the Orcish Mines
 17257 | Orc:2    | Found a staircase to the Elven Halls.
 17453 | Orc:2    | Found Nuvuc's Magic Scroll Emporium.
 17453 | Orc:2    | Found Lyxiech's Armour Emporium.
 17527 | Orc:2    | Found Deozem's Armour Shoppe.
 17541 | Orc:2    | Found Seushrur's General Store.
 17647 | Orc:2    | Reached skill level 15 in Armour
 18920 | D:13     | Reached XP level 14. HP: 132/132 MP: 14/14
 18994 | D:13     | Received a gift from Okawaru
 19433 | D:13     | Found Ekaxt's Distillery.
 19664 | D:13     | Paralysed by an orc sorcerer for 2 turns
 19749 | D:13     | Found a gate to the Vaults.
 20014 | Lair:4   | Reached ****** piety under Okawaru
 20021 | Lair:4   | Received a gift from Okawaru
 20102 | Lair:4   | Noticed Rupert
 20128 | Lair:4   | Killed Rupert
 20700 | Lair:4   | Reached skill level 5 in Stealth
 20892 | Lair:4   | You fall into a shaft and drop 1 floor!
 20892 | Lair:5   | Entered Level 5 of the Lair of Beasts
 21198 | Lair:5   | Reached skill level 15 in Fighting
 21234 | Lair:5   | Received a gift from Okawaru
 21380 | Lair:5   | Reached skill level 16 in Shields
 21742 | Lair:5   | Identified the +3 chain mail "Otucsall" {Dex+3 Stlth+}
                  | (Okawaru gifted it to you on level 5 of the Lair of Beasts)
 21742 | Lair:5   | Received a gift from Okawaru
 21959 | Lair:5   | Found a staircase to the Slime Pits.
 23012 | D:8      | Reached XP level 15. HP: 122/141 MP: 13/15
 23029 | D:8      | Identified the ring of Jebu Nim {rElec rPois rF+ rN+ Str+3}
 23634 | D:14     | Identified the +8 dagger "Xiahov" {flame, rF- rCorr Str+6}
 24234 | D:15     | Entered Level 15 of the Dungeon
 24371 | D:15     | Noticed Agnes
 24373 | D:15     | Found a frozen archway.
 24398 | IceCv    | Entered an ice cave
 24420 | IceCv    | HP: 5/143 [minotaur simulacrum (29)]
 24745 | IceCv    | Identified the +0 hat "Trusted Companion" {*Corrode Regen+
                  | Int+2}
 24835 | IceCv    | Found the ring of the Mage {Wiz Archmagi}
 25137 | IceCv    | Received a gift from Okawaru
 25554 | IceCv    | Noticed an Ice Fiend
 25582 | IceCv    | Killed an Ice Fiend
 25583 | IceCv    | Reached skill level 17 in Shields
 25822 | IceCv    | Identified the +9 dire flail of the Lurker {elec, rF+
                  | Int+6}
 25832 | IceCv    | Identified the ring "Fitsexip" {Ice *Corrode MP+9 Str+4
                  | SInv}
 26132 | D:15     | Killed Agnes
 26510 | D:15     | Identified the +0 pair of gloves "Capuypt" {rElec} (Okawaru
                  | gifted it to you on level 15 of the Dungeon)
 26510 | D:15     | Received a gift from Okawaru
 27469 | D:15     | Reached XP level 16. HP: 152/152 MP: 16/16
 27483 | D:15     | Found a staircase to the Depths.
 28022 | Spider:1 | Entered Level 1 of the Spider Nest
 28092 | Spider:1 | Identified the +8 plate armour "Zonaafom" {+Inv rC+ Str+4}
 28242 | Spider:1 | Reached skill level 18 in Shields
 28417 | Spider:1 | Noticed Josephine
 28426 | Spider:1 | Killed Josephine
 28549 | Spider:1 | Received a gift from Okawaru
 29068 | Spider:1 | Received a gift from Okawaru
 29792 | Spider:2 | Reached skill level 19 in Shields
 29840 | Spider:2 | Found a runed translucent gate.
 29844 | Spider:2 | Found a runed translucent gate.
 29845 | Spider:2 | Found a runed translucent gate.
 29858 | Spider:2 | Noticed Flure's ghost (adept MeTm)
 30486 | Spider:2 | Noticed an Ice Fiend
 30486 | Spider:2 | Identified the +3 chain mail "Guheteu" {rCorr} (Okawaru
                  | gifted it to you on level 2 of the Spider Nest)
 30486 | Spider:2 | Received a gift from Okawaru
 30495 | Spider:2 | HP: 5/155 [Flure's ghost (4)]
 30497 | Spider:2 | HP: 2/155 [Flure's ghost (4)]
 30497 | Spider:2 | Mangled by a culicivora

Illustrated notes

Levels and vault maps discovered:
D:1:      eino_arrival_water_star, layout_rooms, minmay_cupped
D:2:      layout_loops_cross, uniq_sigmund
D:3:      layout_basic, dreamdust_ecumenical_altar_hidden_monk_grotto,
          dk_noncrumbling_4, moated_statue, grunt_ministairs_14,
          hangedman_glass_teeth, minmay_diced_spiral, uniq_grinder
D:4:      layout_loops_ring
D:5:      layout_loops_ring, serial_shops, nicolae_shop_tiny_real_fake_doors
D:6:      lemuel_castle_with_subvaults [lemuel_castle_interior_carwin_2],
          layout_basic, dk_yredelemnul_ordeal, minmay_temple_entry_glass
D:7:      layout_loops_corners, nicolae_wu_jian_immortal_techniques,
          enter_bailey_2
D:8:      gammafunk_jiyva_shrine, layout_basic, minmay_misc_feat_chi,
          uniq_maurice
D:9:      hangedman_cross_veins, layout_basic
D:10:     layout_long_grid, nicolae_kikubaaqudgha_miasma_corner, serial_shops,
          shop
D:11:     layout_long_grid, dpeg_oklobed_lair, david_orc_4,
          nicolae_concentric_dashed_squares_wild, uniq_urug, uniq_amaemon
D:12:     layout_irregular_city, serial_co_window_serial, co_window_paths_a,
          co_window_of_opportunity_a, co_window_paths_a, co_window_paths_a,
          co_window_of_opportunity_a, co_window_paths_a, co_window_corner_a,
          co_window_corner_b, co_window_broadway_c, co_window_corner_b,
          co_window_2corner, co_window_4corner_a, co_window_4corner_b,
          glass_columns_a, glass_columns_c, glass_columns_c,
          lightli_fourway_metalbox
D:13:     layout_loops_cross, grunt_vaults_entry_fortified, serial_shops,
          shop_fountains, lightli_corner_chamber
D:14:     minmay_bloctagon_deflated, layout_cave_pods
D:15:     gammafunk_enter_depths_forms, layout_basic,
          portal_ice_cave_entry_ugly_swarm, chequers_mini_garden, uniq_agnes
Temple:   hellmonk_temple_of_storms
Lair:1:   gammafunk_lair_enchanted_lake, layout_regular_city, uniq_maggie
Lair:2:   layout_layer_cave, minmay_swamp_entry_worms, nicolae_lair_lil_pond,
          kennysheep_snail_temple, grunt_megastairs_2
Lair:3:   layout_cave_pods, nicolae_spider_entry_lesser_pyramids,
          infiniplex_staircase_pool_2
Lair:4:   layout_cave_pods, lemuel_old_faithful, uniq_rupert
Lair:5:   gammafunk_lair_ancient_temple, layout_cave_pods,
          nicolae_slime_entry_field_trip, minmay_hedge_maze, roderic_batcave
Spider:1: layout_spider_delve, uniq_josephine
Spider:2: layout_spider_delve, gammafunk_ghost_tricky_traps
Orc:1:    layout_diamond_mine
Orc:2:    st_orc_mages, layout_caves, basic_altar

Skill      XL: |  1  2  3  4  5  6  7  8  9 10 11 12 13 14 15 16 |
---------------+-------------------------------------------------+-----
Armour         | 4 5 6 8 10 12 13 15 16 17 | 17.1
Fighting       | 4 6 8 9 10 12 14 15 16 17 | 17.4
Long Blades    | 3 5 6 7 9 11 12 14 15 16 18 | 18.4
Shields        | 4 6 8 11 13 15 16 17 19 | 19.2
Dodging        | 1 2 3 4 5 6 7 8 |  8.1
Stealth        | 1 2 3 4 5 6 |  6.9
Evocations     | 2 |  2.0
Invocations    | 1 2 |  2.6

Action                     |  1- 3 |  4- 6 |  7- 9 | 10-12 | 13-15 | 16-18 || total
---------------------------+-------+-------+-------+-------+-------+-------++-------
  Melee: Long sword        |    56 |    95 |   255 |   195 |       |       ||   601
         Headbutt          |     3 |    18 |    52 |   221 |   371 |   137 ||   802
         Falchion          |       |       |       |   548 |       |       ||   548
         Scimitar          |       |       |       |     7 |   546 |   428 ||   981
         Demon blade       |       |       |       |       |   803 |       ||   803
 Invoke: Heroism           |       |       |     1 |    10 |    13 |     1 ||    25
  Evoke: Wand              |       |       |     5 |     1 |       |       ||     6
    Use: Potion            |     2 |     1 |     4 |     2 |     9 |     3 ||    21
         Scroll            |       |       |     9 |     6 |    13 |     4 ||    32
   Stab: Sleeping          |       |       |       |     4 |    28 |     5 ||    37
         Petrified         |       |       |       |     2 |       |       ||     2
         Petrifying        |       |       |       |     1 |       |       ||     1
         Distracted        |       |       |       |       |     4 |     1 ||     5
 Armour: Scale mail        |    20 |    44 |    65 |       |       |       ||   129
         Plate armour      |       |       |    18 |   152 |       |       ||   170
         Chain mail        |       |       |     3 |       |       |       ||     3
         Shadow dragon sca |       |       |       |   271 |   602 |   273 ||  1146
  Dodge: Dodged            |    32 |    49 |   130 |   241 |   444 |   193 ||  1089
  Block: Buckler           |    19 |    21 |    50 |   228 |   383 |       ||   701
         Tower shield      |       |       |       |       |   157 |   703 ||   860
